 Dungeon Crawl Stone Soup version 0.29.1-1-gd02db6906a (webtiles) character file.

Game seed: 16013233007931868399

63 MrElixer the Trooper (level 3, -2/33 HPs)
             Began as a Minotaur Abyssal Knight on Oct 12, 2022.
             Was a Priest of Lugonu.
             Succumbed to an adder's poison
             ... on level 4 of the Dungeon.
             The game lasted 00:05:57 (1372 turns).

MrElixer the Trooper (Minotaur Abyssal Knight)      Turns: 1372, Time: 00:05:57

Health: -2/33      AC:  3    Str: 17    XL:     3   Next: 87%
Magic:  3/3        EV: 11    Int:  9    God:    Lugonu [***...]
Gold:   73         SH:  0    Dex: 10    Spells: 2/2 levels left

rFire   . . .      SeeInvis +   a - +1 hand axe
rCold   . . .      Faith    .   (no shield)
rNeg    . . .      Spirit   .   b - +0 leather armour
rPois   .          Reflect  .   (helmet restricted)
rElec   .          Harm     .   (no cloak)
rCorr   .          Rampage  .   (no gloves)
Will    .....                   (no boots)
Stlth   +.........              (no amulet)
HPRegen 0.11/turn               c - ring of see invisible
MPRegen 0.08/turn               d - ring of see invisible

@: lethally poisoned (-2 -> -12)
A: horns 2, retaliatory headbutt
a: Renounce Religion, Depart the Abyss, Bend Space, Banish


You were on level 4 of the Dungeon.
You worshipped Lugonu.
Lugonu was most pleased with you.
You visited 1 branch of the dungeon, and saw 4 of its levels.
You visited the Abyss 1 time.

You collected 73 gold pieces.

Inventory:

Hand Weapons
 a - a +1 hand axe (weapon)
Armour
 b - a +0 leather armour (worn)
 i - a +0 plate armour
 j - a +0 ring mail
Jewellery
 c - a ring of see invisible (left hand)
 d - a ring of see invisible (right hand)
Scrolls
 f - a scroll of immolation {unknown}
 g - a scroll of teleportation {unknown}
 k - a scroll of identify
Potions
 e - a potion of magic
 h - a potion of haste
 l - 2 potions of brilliance {unknown}


   Skills:
 + Level 4.1 Fighting
 + Level 3.1 Axes
 + Level 3.1 Armour
 + Level 2.0 Dodging
 + Level 2.3 Invocations


You had 2 spell levels left.
You didn't know any spells.
Your spell library contained the following spells:

 Spells                   Type           Power      Damage    Failure   Level
 Conjure Flame            Conj/Fire      0%         6-21      82%         3
 Ignite Poison            Fire/Tmut/Pois 0%         N/A       82%         3
 Mephitic Cloud           Conj/Pois/Air  0%         N/A       82%         3
 Sticky Flame             Conj/Fire      0%         2d3       99%         4
 Freezing Cloud           Conj/Ice/Air   0%         6-21      100%        5


Dungeon Overview and Level Annotations

Branches:
Dungeon (4/15)
 Temple: D:4-7

Altars:

Annotations:
D:3 Grinder


Innate Abilities, Weirdness & Mutations

You have a pair of horns on your head.
You reflexively headbutt those who attack you in melee.


Message History

There is an escape hatch in the ceiling here.
You feel less confused.
There is a stone staircase leading down here.
You climb downwards.
Found 3 javelins.
There is a stone staircase leading up here.
An adder comes into view.
Found 10 gold pieces.
A goblin comes into view. It is wielding a +0 club.
Found 3 scrolls of identify and 8 stones.
You see here 3 scrolls of identify.
You barely miss the goblin. The goblin hits you with a +0 club.
* * * LOW HITPOINT WARNING * * *
You hit the goblin.
The goblin is moderately wounded.
The goblin hits you with a +0 club.
* * * LOW HITPOINT WARNING * * *
The adder hisses angrily.
You slash the goblin!
You kill the goblin!
Lugonu accepts your kill.
Things that are here:
a +0 club; 3 scrolls of identify
Things that are here:
a +0 club; 3 scrolls of identify You barely miss the adder.
Your punch misses the adder. The adder barely misses you.
You slash the adder!
The adder is severely wounded.
The adder bites you.
* * * LOW HITPOINT WARNING * * *
You are lethally poisoned!
The adder poisons you! The adder bites you.
* * * LOW HITPOINT WARNING * * *
You are more poisoned.
The adder poisons you!
You hit the adder.
You kill the adder!
Lugonu accepts your kill.
You die...

#.## #.. ### #.. ...
#.# #.# #.# .#
####..#########<#...#.
......................(
###$##.######..#######
#.@†..(...# ########..#
##.# #.# #.# S#


There were no monsters in sight!

Vanquished Creatures
  3 adders
  2 orcs (D:3)
  2 endoplasms
  5 giant cockroaches
  3 goblins
  5 hobgoblins
  2 jackals (D:3)
  2 kobolds
  3 quokkas
  A ball python (D:2)
  5 bats
  A frilled lizard (D:2)
  4 rats
38 creatures vanquished.

Notes
Turn   | Place    | Note
-------+----------+-------------------------------------------
     0 | Abyss:1  | MrElixer the Minotaur Abyssal Knight began the quest for
                  | the Orb.
     0 | Abyss:1  | Reached XP level 1. HP: 19/19 MP: 1/1
    72 | Abyss:1  | Noticed a shadow
   103 | Abyss:1  | Noticed a vampire
   122 | D:1      | Escaped the Abyss
   136 | D:1      | You fall into a shaft and drop 1 floor!
   271 | D:2      | Reached XP level 2. HP: 27/27 MP: 2/2
   940 | D:2      | Reached skill level 4 in Fighting
   940 | D:2      | Reached XP level 3. HP: 33/33 MP: 3/3
  1048 | D:3      | Reached *** piety under Lugonu
  1269 | D:3      | Noticed Grinder
  1371 | D:4      | HP: 1/33 [adder (3)]
  1372 | D:4      | Succumbed to an adder's poison

Illustrated notes

Levels and vault maps discovered:
D:1:      psy_arrival_dodecagon, layout_basic, shapermc_ecumenical_altar_venn,
          serial_shops, shop, kennysheep_nondescript
D:2:      layout_basic, nrook_mini_vaults, nicolae_figureground_sparkle
D:3:      layout_loops_ring, uniq_grinder
D:4:      layout_basic, old_standard_altar, nicolae_inconvenience_store,
          uniq_natasha

Skill      XL: |  1  2  3 |
---------------+----------+-----
Invocations    | 2 |  2.3
Fighting       | 4 |  4.1
Axes           | 3 |  3.1
Armour         | 3 |  3.1
Dodging        | 2 |  2.0

Action                   || total
-------------------------++-------
Melee: Hand axe          ||    76
       Headbutt          ||     9
       Punch             ||     1
Invok: Bend Space        ||     5
  Use: Scroll            ||     3
Armor: Leather armour    ||    12
       Plate armour      ||    13
Dodge: Dodged            ||    40
